 Dungeon Crawl Stone Soup version 0.18.1-50-g88ac8fd (webtiles) character file.

32069 Gorglomux the Covert (level 13, -7/65 HPs)
             Began as a Spriggan Enchanter on Oct 30, 2016.
             Was a High Priest of Vehumet.
             Mangled by a death yak (25 damage)
             ... on level 8 of the Lair of Beasts.
             The game lasted 01:33:54 (19586 turns).

Gorglomux the Covert (Spriggan Enchanter)          Turns: 19586, Time: 01:33:55

Health: -7/65      AC:  4    Str:  4    XL:     13   Next: 29%
Magic:  22/38      EV: 12    Int: 21    God:    Vehumet [*****.]
Gold:   1170       SH:  0    Dex: 17    Spells: 9 memorised, 2 levels left

rFire  . . .     SeeInvis +     a - +1 dagger
rCold  . . .     Gourm    .     M - +0 troll leather armour
rNeg   . . .     Faith    .     (shield restricted)
rPois  .         Spirit   .     (helmet restricted)
rElec  .         Dismiss  .     (no cloak)
rCorr  .         Reflect  .     (gloves unavailable)
SustAt .         Harm     .     (boots unavailable)
MR     ++...                    P - amulet of magic regeneration
Stlth  ++++++....               B - ring of magical power
                                z - ring of wizardry

@: very slightly contaminated, very quick, very resistant to hostile
enchantments, very stealthy
A: unfitting armour, see invisible, herbivore 3, speed 3, slow metabolism 2
a: Renounce Religion


You were on level 8 of the Lair of Beasts.
You worshipped Vehumet.
Vehumet was extremely pleased with you.
You were not hungry.

You visited 3 branches of the dungeon, and saw 21 of its levels.

You collected 1170 gold pieces.

Inventory:

Hand Weapons
 a - a +1 dagger (weapon)
 b - a +0 blowgun
Missiles
 u - 5 curare-tipped needles
 v - 71 poisoned needles
Armour
 M - a +0 troll leather armour (worn)
Jewellery
 z - a ring of wizardry (left hand)
 B - a ring of magical power (right hand)
 P - an amulet of magic regeneration (around neck)
 S - an uncursed ring of protection from fire
 T - an uncursed ring of protection from magic
Wands
 g - a wand of digging (14/24)
 K - a wand of paralysis (19/24)
 U - a wand of lightning (6/15)
 Y - a wand of lightning (10/15)
Scrolls
 f - 3 scrolls of magic mapping
 h - a scroll of silence
 i - a scroll of recharging
 k - a scroll of amnesia
 l - 4 scrolls of fog
 o - 9 scrolls of remove curse
 q - 4 scrolls of enchant armour
 s - 2 scrolls of immolation
 y - a scroll of enchant weapon
 E - a scroll of blinking
 I - 2 scrolls of torment
 L - 4 scrolls of identify
 N - 2 scrolls of teleportation
 X - a scroll of fear
Potions
 e - a potion of mutation
 j - 4 potions of brilliance
 m - 7 potions of curing
 p - a potion of invisibility
 t - 2 potions of haste
 w - 3 potions of flight
 A - 3 potions of magic
 C - 2 potions of agility
 D - 2 potions of might
 J - a potion of heal wounds
 O - 2 potions of lignification
Books
 c - a book of Maledictions

   Spells                             Type                      Level
   a - Corona                         Hexes                        1
   b - Ensorcelled Hibernation        Hexes/Ice                    2
   c - Confuse                        Hexes                        3
   d - Tukima's Dance                 Hexes                        3
   e - Dazzling Spray                 Conjuration/Hexes            3
 V - a book of Ice

   Spells                             Type                      Level
   a - Ice Form                       Ice/Transmutation            4
   b - Metabolic Englaciation         Hexes/Ice                    5
   c - Ozocubu's Refrigeration        Ice                          6
   d - Bolt of Cold                   Conjuration/Ice              6
   e - Freezing Cloud                 Conjuration/Ice/Air          6
   f - Simulacrum                     Ice/Necromancy               6
 Z - a Fen Folio

   Spells                             Type                      Level
   a - Corpse Rot                     Necromancy                   2
   b - Stone Arrow                    Conjuration/Earth            3
   c - Leda's Liquefaction            Hexes/Earth                  4
   d - Summon Forest                  Summoning/Translocation      5
   e - Hydra Form                     Transmutation                6
   f - Summon Hydra                   Summoning                    7
Comestibles
 d - 10 bread rations
 n - 4 fruits


   Skills:
 - Level 6.0 Fighting
 - Level 7.1 Short Blades
 - Level 3.0 Dodging
 - Level 12.2 Stealth
 + Level 11.4 Spellcasting
 - Level 10.0 Conjurations
 - Level 12.0 Hexes
 - Level 5.2 Earth Magic


You had 2 spell levels left.
You knew the following spells:

 Your Spells              Type           Power        Failure   Level  Hunger
a - Corona                Hex            ######.      1%          1    None
b - Ensorcelled Hibernat  Hex/Ice        #####.       1%          2    None
c - Confuse               Hex            ######..     1%          3    None
d - Tukima's Dance        Hex            ######..     1%          3    None
e - Dazzling Spray        Conj/Hex       ######       1%          3    None
f - Sticky Flame          Conj/Fire      ####....     1%          4    #......
g - Bolt of Magma         Conj/Fire/Erth ####......   4%          5    ####...
h - Irradiate             Conj/Trmt      ####......   4%          5    ####...
i - Bolt of Cold          Conj/Ice       ####......   43%         6    ######.


Dungeon Overview and Level Annotations

Branches:
Dungeon (12/15)            Temple (1/1) D:6            Lair (8/8) D:11
  Swamp (0/4) Lair:3       Spider (0/4) Lair:4        Slime (0/6) Lair:8
    Orc (0/2) D:9

Altars:
Ashenzari
Cheibriados
Dithmenos
Elyvilon
Fedhas
Gozag
Makhleb
Nemelex Xobeh
Okawaru
Pakellas
Qazlal
Ru
Sif Muna
Trog
Vehumet
Xom
Yredelemnul
Zin
The Shining One

Shops:
D:7 [

Portals:
Trove: D:10 (give potion of experience)

Annotations:
D:5 Blork the orc
D:8 Gorglomux's ghost, novice DDNe


Innate Abilities, Weirdness & Mutations

You are tiny and cannot use many weapons and most armour.
You have supernaturally acute eyesight.
You are a herbivore.
You cover ground extremely quickly.
You need consume almost no food.


Message History

Confirm with . or Enter, or press ? or * to list all spells.
Aiming: Bolt of Magma
Press: ? - help, Shift-Dir - straight line, f - yak, p - death yak
Aim: a yak (moderately wounded, blind)
The bolt of magma hits the death yak.
The death yak is severely wounded.
The bolt of magma misses the death yak.
Casting: Bolt of Magma
Confirm with . or Enter, or press ? or * to list all spells.
Aiming: Bolt of Magma
Press: ? - help, Shift-Dir - straight line, p - yak The bolt of magma hits the death yak.
The death yak is almost dead.
The bolt of magma hits the death yak.
The death yak is moderately wounded.
The death yak gores you!!
The yak is no longer blind.
The death yak gores you!!
* * * LOW HITPOINT WARNING * * *
The death yak gores you!!
You die...

.P.P.#......#
P.PP.P......##
PP..PP........#
PPPP.P........#
..P...........#
.............##
.............###
........Y....[.#
.....YY.Y@....P#
.....YY.......##
..)..YYY......#
..............#
.............##
.............#
.............#
..............#
..............#


You could see 3 death yaks and 6 yaks.

Vanquished Creatures
  Fannar (Lair:3)
  3 hydras
  A catoblepas (Lair:8)
  2 death yaks (Lair:5)
  Pikel (D:7)
  A hill giant (D:11)
  2 cyclopes (D:11)
  A manticore (D:11)
  4 black mambas
  3 elephants (Lair:8)
  A torpor snail (Lair:5)
  6 spiny frogs
  A rime drake (Lair:7)
  7 komodo dragons
  3 trolls (D:10)
  2 boulder beetles
  2 jumping spiders (Lair:4)
  9 blink frogs
  2 redbacks (Lair:4)
  8 yaks
  Eustachio (D:6)
  A hungry ghost (D:10)
  7 hippogriffs
  6 swamp worms (Lair:3)
  17 water moccasins
  11 porcupines
  A sky beast (D:9)
  3 ice beasts
  A slave (D:7)
  6 black bears
  A phantom (D:9)
  An orc warrior (D:11)
  2 centaurs (D:11)
  5 ogres
  31 wolves
  17 crocodiles
  12 giant frogs
  A wyvern zombie (D:10)
  5 scorpions
  11 killer bees
  10 wights
  9 howler monkeys
  3 electric eels (Lair:3)
  3 crimson imps
  A quasit (D:4)
  2 hounds
  5 orc priests
  A giant frog skeleton (D:8)
  6 iguanas
  13 orc wizards
  6 worker ants
  7 sheep
  A killer bee zombie (D:6)
  18 gnolls
  A howler monkey skeleton (D:4)
  29 river rats
  8 adders
  A shadow imp (D:10)
  An ooze (D:2)
  An adder skeleton (D:6)
  4 dart slugs
  7 giant geckos
  45 orcs
  11 giant cockroaches
  2 goblins
  10 hobgoblins
  13 jackals
  6 quokkas
  23 bats
  4 giant newts
  10 kobolds
  A quokka skeleton (D:7)
  12 rats
  A fungus (Lair:3)
475 creatures vanquished.

Vanquished Creatures (collateral kills)
  3 orc warriors (D:9)
  2 wights
  A dart slug (D:4)
  An orc (D:7)
7 creatures vanquished.

Vanquished Creatures (others)
  3 dancing weapons
  A dart slug (D:5)
  3 orcs (D:10)
  5 fungi
  A plant (Lair:8)
13 creatures vanquished.

Grand Total: 495 creatures vanquished

Notes
Turn   | Place    | Note
--------------------------------------------------------------
     0 | D:1      | Gorglomux the Spriggan Enchanter began the quest for the Orb.
     0 | D:1      | Reached XP level 1. HP: 9/9 MP: 5/5
   270 | D:1      | Reached XP level 2. HP: 13/13 MP: 6/6
   274 | D:1      | Learned a level 2 spell: Ensorcelled Hibernation
   314 | D:1      | Reached skill level 5 in Stealth
   680 | D:1      | Reached XP level 3. HP: 12/16 MP: 8/8
  1078 | D:2      | Learned a level 3 spell: Confuse
  1329 | D:2      | Reached XP level 4. HP: 19/21 MP: 7/9
  1371 | D:2      | Found a sparkling altar of Nemelex Xobeh.
  1689 | D:3      | Found a glowing golden altar of the Shining One.
  2742 | D:3      | Reached XP level 5. HP: 24/24 MP: 10/10
  3313 | D:4      | Found a stormy altar of Qazlal.
  3617 | D:4      | Learned a level 3 spell: Tukima's Dance
  3702 | D:4      | Reached XP level 6. HP: 28/28 MP: 4/11
  3704 | D:4      | Reached skill level 5 in Short Blades
  4365 | D:5      | Entered Level 5 of the Dungeon
  4415 | D:4      | Reached XP level 7. HP: 26/32 MP: 6/12
  5123 | D:5      | Noticed Blork the orc
  5366 | D:4      | Learned a level 3 spell: Dazzling Spray
  5552 | D:6      | Found a staircase to the Ecumenical Temple.
  5559 | Temple   | Entered the Ecumenical Temple
  5840 | Temple   | Became a worshipper of Vehumet
  5870 | D:6      | Reached skill level 5 in Hexes
  5889 | D:6      | Identified a +0 rod of shadows (12/12) (You found it on level 6 of the Dungeon)
  5957 | D:6      | Got a crude steel ring
  5959 | D:6      | Identified the ring "Doosk" {rC++ MR+ Int-3 Slay+2} (You found it on level 6 of the Dungeon)
  6152 | D:6      | Found a burning altar of Makhleb.
  6154 | D:6      | Noticed a blizzard demon
  6158 | D:6      | Noticed an orange demon
  6158 | D:6      | Noticed a ynoxinul
  6243 | D:6      | Reached skill level 5 in Spellcasting
  6243 | D:6      | Reached skill level 1 in Conjurations
  6303 | D:6      | Found a white marble altar of Elyvilon.
  6303 | D:6      | Noticed Eustachio
  6308 | D:6      | Killed Eustachio
  6308 | D:6      | Reached XP level 8. HP: 36/36 MP: 17/17
  6556 | D:7      | Found Errouth's Armour Shoppe.
  6862 | D:7      | Found a white marble altar of Elyvilon.
  6862 | D:7      | Found a glowing silver altar of Zin.
  6865 | D:7      | Found a basalt altar of Yredelemnul.
  6886 | D:7      | Reached * piety under Vehumet
  6886 | D:7      | Offered knowledge of Sting by Vehumet.
  6961 | D:7      | Found a shattered altar of Ashenzari.
  6984 | D:7      | Noticed Pikel
  7082 | D:7      | Found a blossoming altar of Fedhas.
  7285 | D:7      | Killed Pikel
  7285 | D:7      | Reached XP level 9. HP: 32/39 MP: 22/22
  7658 | D:8      | Noticed Gorglomux's ghost (novice DDNe)
  8281 | D:8      | Reached skill level 5 in Conjurations
  8553 | D:8      | Reached ** piety under Vehumet
  8553 | D:8      | Offered knowledge of Sandblast by Vehumet.
  8739 | D:9      | Noticed a gargoyle
  8913 | D:9      | Reached skill level 10 in Spellcasting
  9545 | D:9      | Reached XP level 10. HP: 40/44 MP: 23/25
  9856 | D:9      | Offered knowledge of Inner Flame by Vehumet.
 10133 | D:9      | Reached *** piety under Vehumet
 10229 | D:9      | Found a staircase to the Orcish Mines.
 10425 | D:9      | Found an oddly glowing altar of Pakellas.
 10513 | D:10     | Entered Level 10 of the Dungeon
 10576 | D:10     | Found a portal to a secret trove of treasure.
 10827 | D:10     | Offered knowledge of Sticky Flame by Vehumet.
 10868 | D:10     | Learned a level 4 spell: Sticky Flame
 11228 | D:10     | Found Ononihom's Gadget Shoppe.
 11309 | D:11     | Noticed a cyclops
 11312 | D:11     | Killed a cyclops
 11319 | D:11     | Reached **** piety under Vehumet
 11341 | D:11     | Offered knowledge of Airstrike by Vehumet.
 11376 | D:11     | Noticed a manticore
 11446 | D:11     | Killed a manticore
 11526 | D:11     | Found a staircase to the Lair.
 11532 | Lair:1   | Entered Level 1 of the Lair of Beasts
 11616 | D:11     | Reached XP level 11. HP: 47/47 MP: 26/26
 11801 | D:11     | Noticed a hill giant
 11805 | D:11     | Killed a hill giant
 11886 | D:11     | Reached skill level 10 in Stealth
 12765 | Lair:1   | Reached ***** piety under Vehumet
 13132 | Lair:2   | Offered knowledge of Bolt of Magma by Vehumet.
 13144 | Lair:2   | Reached skill level 1 in Fighting
 13283 | Lair:2   | Learned a level 5 spell: Bolt of Magma
 13967 | Lair:3   | Reached skill level 5 in Fighting
 13987 | Lair:3   | Reached skill level 1 in Earth Magic
 14187 | Lair:3   | Noticed Fannar
 14212 | Lair:3   | Killed Fannar
 14378 | Lair:3   | Noticed a four-headed hydra
 14386 | Lair:3   | Killed a four-headed hydra
 14498 | Lair:3   | Reached XP level 12. HP: 60/60 MP: 27/27
 14639 | Lair:3   | Reached skill level 5 in Earth Magic
 14936 | Lair:3   | Found a staircase to the Swamp.
 15464 | Lair:4   | Noticed a four-headed hydra
 15468 | Lair:4   | Killed a four-headed hydra
 15971 | Lair:4   | Found a hole to the Spider Nest.
 15979 | Lair:4   | Offered knowledge of Irradiate by Vehumet.
 16047 | Lair:4   | Learned a level 5 spell: Irradiate
 16929 | Lair:5   | Noticed a death yak
 16930 | Lair:5   | Noticed a death yak
 17000 | Lair:5   | Killed a death yak
 17000 | Lair:5   | Reached skill level 10 in Hexes
 17028 | Lair:5   | Killed a death yak
 17716 | Lair:6   | Learned a level 6 spell: Bolt of Cold
 18470 | Lair:7   | Reached skill level 10 in Conjurations
 18487 | Lair:7   | Reached XP level 13. HP: 63/63 MP: 28/28
 19139 | Lair:8   | Entered Level 8 of the Lair of Beasts
 19384 | Lair:8   | Offered knowledge of Iron Shot by Vehumet.
 19402 | Lair:8   | Found a staircase to the Slime Pits.
 19586 | Lair:8   | Mangled by a death yak

Skill      XL: |  1  2  3  4  5  6  7  8  9 10 11 12 13 |
---------------+----------------------------------------+-----
Stealth        | 5 6 8 9 12 | 12.2
Short Blades   | 2 3 4 5 7 |  7.1
Spellcasting   | 3 5 8 10 11 | 11.4
Hexes          | 5 12 | 12.0
Conjurations   | 1 4 6 9 10 | 10.0
Fighting       | 5 6 |  6.0
Earth Magic    | 4 5 |  5.2
Dodging        | |  3.0

Action                   |  1- 3 |  4- 6 |  7- 9 | 10-12 | 13-15 || total
-------------------------+-------+-------+-------+-------+-------++-------
Melee: Dagger            |   146 |   143 |   263 |   357 |    40 ||   949
 Fire: Blowgun           |       |    68 |     3 |     5 |       ||    76
 Cast: Corona            |     9 |     5 |     9 |     4 |     1 ||    28
       Ensorcelled Hiber |     4 |    29 |    53 |    87 |     8 ||   181
       Confuse           |       |    13 |    55 |    53 |     2 ||   123
       Tukima's Dance    |       |     2 |     9 |     3 |       ||    14
       Dazzling Spray    |       |       |    21 |   129 |    32 ||   182
       Sticky Flame      |       |       |       |    33 |     9 ||    42
       Bolt of Magma     |       |       |       |    47 |    15 ||    62
       Irradiate         |       |       |       |     1 |     2 ||     3
 Abil: Evoke Berserk Rag |     1 |       |       |       |       ||     1
  Use: Scroll            |       |     5 |    11 |    10 |     5 ||    31
       Potion            |       |     1 |       |     3 |       ||     4
 Stab: Sleeping          |     9 |    29 |    45 |    99 |    14 ||   196
       Distracted        |       |     2 |     3 |       |       ||     5
       Confused          |       |     4 |    17 |    19 |       ||    40
       Invisible         |       |       |     5 |     6 |       ||    11
  Eat: Bread ration      |       |     1 |     1 |     1 |       ||     3
       Pizza             |       |       |     1 |     2 |       ||     3
       Fruit             |       |       |       |     9 |     6 ||    15
Armor: Robe              |    27 |    14 |    13 |     3 |       ||    57
       Troll leather arm |       |       |       |    39 |     3 ||    42
Dodge: Dodged            |   102 |    97 |   160 |   336 |    24 ||   719
